 Dungeon Crawl Stone Soup version 0.30.0-5-g1a98f26d00 (webtiles) character file.

Game seed: 688719709159854093

11 SnakkuSnakku7 the Sneak (level 2, 21/21 HPs)
             Began as a Vampire Hedge Wizard on May 12, 2023.
             Was a Follower of Uskayaw.
             Safely got out of the dungeon.
             The game lasted 00:00:41 (333 turns).

SnakkuSnakku7 the Sneak (Vampire Hedge Wizard)       Turns: 333, Time: 00:00:41

Health: 21/21      AC:  2    Str:  9    XL:     2   Next: 17%
Magic:  6/6        EV: 12    Int: 16    God:    Uskayaw [*.....]
Gold:   27         SH:  0    Dex: 13    Spells: 6/7 levels left

rFire   . . .        a - +0 dagger
rCold   . . .        (no shield)
rNeg    . . .        b - +0 robe
rPois   .            c - +0 hat
rElec   .            (no cloak)
rCorr   .            (no gloves)
SInv    +            (no boots)
Will    .....        (no amulet)
Stlth   ++           (no ring)
HPRegen 0.43/turn    (no ring)
MPRegen 0.10/turn

%: no passive effects
@: healing quickly
A: alive, fangs 3, see invisible, vampiric 1
a: Exsanguinate, Renounce Religion, Stomp


You escaped.
You worshipped Uskayaw.
Uskayaw was noncommittal.
You visited 1 branch of the dungeon, and saw 1 of its levels.

You collected 27 gold pieces.

Inventory:

Hand Weapons
 a - a +0 dagger (weapon)
Armour
 b - a +0 robe (worn)
 c - a +0 hat (worn)
Scrolls
 f - a scroll of amnesia {unknown}
 h - a scroll of identify {unknown}
Potions
 d - a potion of magic
 e - 2 potions of curing {unknown}
 g - a potion of haste {unknown}


   Skills:
 + Level 1.1 Fighting
 - Level 2.1 Dodging
 - Level 3.0 Stealth
 + Level 1.3 Unarmed Combat
 - Level 3.0 Spellcasting
 - Level 0.6 Conjurations
 - Level 1.0 Summonings
 - Level 0.7 Translocations


You had 6 spell levels left.
You knew the following spells:

 Your Spells              Type           Power      Damage    Failure   Level
a - Magic Dart            Conj           16%        1d3       14%         1

Your spell library contained the following spells:

 Spells                   Type           Power      Damage    Failure   Level
 Slow                     Hex            8%         N/A       19%         1
 Call Imp                 Summ           10%        N/A       19%         2
 Blink                    Tloc           8%         N/A       22%         2
 Cigotuvi's Dreadful Rot  Necr/Pois/Air  4%         N/A       28%         2
 Mephitic Cloud           Conj/Pois/Air  3%         N/A       45%         3


Dungeon Overview and Level Annotations

Branches:
Dungeon (1/15)

Altars:
Uskayaw


Innate Abilities, Weirdness & Mutations

Your natural rate of healing is accelerated.
You have razor-sharp teeth.
You have supernaturally acute eyesight. (SInv)
You are afflicted with vampirism.


Message History

You barely miss the endoplasm. Your bite misses the endoplasm.
The endoplasm is moderately wounded.
The endoplasm hits you but does no damage.
You hit the endoplasm.
You kill the endoplasm!
There is a stone staircase leading down here.
Found a faded altar of an unknown god.
f - a scroll labelled WULYF GANEGHASM A frilled lizard comes into view.
Found 4 poisoned darts.
The frilled lizard hisses angrily.
You see here a bubbling yellow potion.
e - 2 black potions (gained 1)
There are no items here.
There is a faded altar of an unknown god here.
This altar belongs to (a) Vehumet, (b) Uskayaw or (c) Ru, but you can't tell which.
Press the corresponding letter to learn more about a god, or press enter to convert or escape to cancel.
Okay, then.
No target in view!
No target in view!
No target in view!
The frilled lizard barely misses you.
You hit the frilled lizard.
You kill the frilled lizard!
No target in view!
No target in view!
There is a faded altar of an unknown god here.
This altar belongs to (a) Vehumet, (b) Uskayaw or (c) Ru, but you can't tell which.
Press the corresponding letter to learn more about a god, or press enter to convert or escape to cancel.
Uskayaw accepts your prayer! Uskayaw welcomes you!
You can now stomp with the beat.
g - a bubbling yellow potion
h - a scroll labelled FUJYXZ NIAMO You now have 27 gold pieces (gained 17).
A bat comes into view.
You see here a frilled lizard corpse.
Things that are here:
a +0 club; a goblin skeleton
There is a staircase leading out of the dungeon here.
Are you sure you want to leave the Dungeon?
This will make you lose the game!
You have escaped!

#.#...#
#.#...#
#...#
#.#.#
#.#.#
#...#
#...#
#...#
#.@.#
#####


There were no monsters in sight!

Vanquished Creatures
  A dart slug (D:1)
  2 endoplasms (D:1)
  A giant cockroach (D:1)
  A goblin (D:1)
  A ball python (D:1)
  A bat (D:1)
  A frilled lizard (D:1)
  2 kobolds (D:1)
10 creatures vanquished.

Notes
Turn   | Place    | Note
-------+----------+-------------------------------------------
     0 | D:1      | SnakkuSnakku7 the Vampire Hedge Wizard began the quest for
                  | the Orb.
     0 | D:1      | Reached XP level 1. HP: 13/13 MP: 4/4
   140 | D:1      | Reached skill level 1 in Unarmed Combat
   167 | D:1      | Reached skill level 1 in Fighting
   167 | D:1      | Reached XP level 2. HP: 18/21 MP: 6/6
   198 | D:1      | Found a faded altar of an unknown god.
   228 | D:1      | Prayed at the altar of an unknown god.
   228 | D:1      | Became a worshipper of Uskayaw the Reveller
   228 | D:1      | Reached * piety under Uskayaw
   333 | D:$      | Safely got out of the dungeon.

Illustrated notes

Levels and vault maps discovered:
D:1:      wheals_arrival_shading, layout_basic,
          hellmonk_ecumenical_altar_lost_god

Skill      XL: |  1 |
---------------+----+-----
Unarmed Combat | 1 |  1.3
Fighting       | 1 |  1.1
Dodging        | |  2.1
Stealth        | |  3.0
Spellcasting   | |  3.0
Conjurations   | |  0.6
Summonings     | |  1.0
Translocations | |  0.7

Action                     || total
---------------------------++-------
  Melee: Dagger            ||    36
         Bite              ||     5
         Punch             ||     1
   Stab: Sleeping          ||     1
 Armour: Robe              ||     9
  Dodge: Dodged            ||    23
